Map: Data-C

Players

Zain

  • Race: Protoss Protoss
  • Spawn Location: 9:00

Epic - Winner!

  • Race: Terran Terran
  • Spawn Location: 3:00

Event: DreamHack SC2 Masters 2022 Atlanta (Offline)

VOD

Have the link to the VOD?

Description

Time

  • Played on: Nov. 18, 2022, 2:30 p.m.
  • Length: 12:58

All games in this series

Show
View Real Time Build Order
Export as new Build Order

Zain Protoss 

Build Orders: 1 Gate Expand, Blink Stalkers, Chargelot Immortal 

Get SALT Encoding   

  12  0:00  Probe  
  13  0:12  Probe  
  14  0:17  Pylon  
  14  0:24  Probe (Chrono Boost)  
  15  0:36  Probe (Chrono Boost)  
  15  0:38  Gateway  
  16  0:44  Probe (Chrono Boost)  
  16  0:46  Assimilator  
  17  0:51  Probe  
  18  1:03  Probe  
  19  1:15  Probe  
  20  1:25  Cybernetics Core  
  20  1:35  Nexus  
  20  1:41  Pylon  
  20  1:45  Probe  
  21  1:58  Adept (Chrono Boost)  
  21  1:59  Assimilator  
  23  2:02  Warp Gate  
  23  2:06  Probe  
  23  2:21  Probe, Stalker (Chrono Boost)  
  25  2:33  Probe  
  25  2:45  Probe  
  25  2:47  Probe  
  25  2:51  Stalker  
  29  2:56  Twilight Council  
  30  2:59  Probe (Chrono Boost)  
  30  3:07  Probe (Chrono Boost)  
  32  3:16  Probe (Chrono Boost)  
  32  3:17  Probe (Chrono Boost)  
  33  3:22  Probe x2 (Chrono Boost)  
  33  3:26  Robotics Facility  
  35  3:33  Blink (Chrono Boost)  
  34  3:34  Probe x2  
  36  3:46  Probe  
  36  3:47  Probe  
  38  3:55  Stalker  
  40  3:59  Probe  
  41  4:02  Gateway  
  41  4:04  Probe  
  42  4:11  Probe  
  42  4:14  Observer (Chrono Boost)  
  42  4:16  Probe  
  45  4:17  Pylon  
  45  4:27  Gateway  
  45  4:28  Probe  
  46  4:36  Observer  
  47  4:41  Probe  
  47  4:42  Probe  
  47  4:43  Nexus  
  47  4:44  Stalker  
  51  4:50  Pylon  
  51  4:53  Probe  
  51  4:54  Assimilator  
  51  4:55  Probe  
  53  5:00  Pylon  
  53  5:03  Observer  
  53  5:05  Probe  
  54  5:08  Stalker x2  
  54  5:12  Probe  
  59  5:18  Probe  
  59  5:19  Charge (Chrono Boost)  
  60  5:24  Probe  
  61  5:30  Probe  
  62  5:39  Probe  
  62  5:42  Probe  
  63  5:46  Gateway  
  63  5:47  Gateway x2  
  63  5:48  Immortal  
  67  5:52  Probe (Chrono Boost)  
  69  5:57  Probe (Chrono Boost)  
  69  5:58  Probe (Chrono Boost)  
  69  6:03  Gateway x2  
  69  6:04  Probe (Chrono Boost)  
  71  6:05  Sentry  
  71  6:08  Probe (Chrono Boost)  
  71  6:10  Probe (Chrono Boost)  
  75  6:11  Observer  
  75  6:12  Probe (Chrono Boost)  
  75  6:13  Sentry x2  
  75  6:14  Probe  
  75  6:17  Pylon  
  81  6:22  Pylon  
  81  6:25  Immortal (Chrono Boost)  
  81  6:28  Pylon  
  85  6:43  Observer  
  85  6:50  Zealot x6  
  93  6:57  Immortal (Chrono Boost)  
  95  7:06  Stalker x2  
  95  7:07  Shield Battery  
  99  7:09  Pylon  
  99  7:10  Zealot x5  
  99  7:13  Pylon  
  99  7:15  Pylon  
  109  7:27  Pylon  
  109  7:29  Zealot x3  
  115  7:30  Shield Battery x2  
  115  7:33  Zealot x2  
  119  7:41  Stalker x3  
  123  7:50  Zealot x3  
  123  7:55  Zealot x2  
  119  8:05  Zealot x3  
  119  8:06  Observer  
  119  8:08  Probe  
  98  8:25  Zealot x8  
  108  8:29  Immortal (Chrono Boost)  
  108  8:31  Forge  
  106  8:47  Sentry x2  
  106  8:48  Zealot x4, Sentry  
  112  8:49  Zealot  
  121  9:00  Shield Battery  
  121  9:10  Zealot x6  
  105  9:21  Zealot x2  
  101  9:26  Probe x2  
  101  9:27  Warp Prism (Chrono Boost)  
  105  9:34  Zealot x6  
  115  9:43  Pylon  
  89  9:55  Zealot x3  
  89  9:56  Zealot x5  
  97  10:02  Protoss Ground Weapons Level 1 (Chrono Boost)  
  97  10:12  Nexus  
  97  10:18  Zealot x6  
  97  10:19  Zealot x2  
  109  10:30  Templar Archives  
  105  10:39  Zealot x8  
  109  10:43  Psionic Storm  
  93  11:01  Shield Battery  
  93  11:03  Photon Cannon  
  87  11:07  High Templar x4  
  87  11:08  High Templar  
  87  11:09  High Templar  
  87  11:10  High Templar x2  
  103  11:14  Archon x2  
  103  11:18  Photon Cannon  
  103  11:29  Probe  
  103  11:30  Probe x2  
  106  11:37  Probe  
  107  11:40  Stalker, Pylon  
  107  11:41  Zealot x2, Stalker x3  
  107  11:42  Zealot x2, Probe  
  107  11:46  Probe x2  
  126  11:49  Probe  
  126  11:54  Probe  
  128  11:57  Pylon  
  128  12:04  Stalker x2  
  128  12:05  Zealot x6  
  144  12:20  Pylon  
  140  12:25  Stalker x4  
  140  12:26  Zealot x2  
  140  12:29  Zealot x2  
  132  12:49  Archon  
  132  12:50  Zealot x4  
  116  12:51  Zealot x3  
  116  12:52  Zealot  
  116  12:54  Zealot x8  
Show
View Real Time Build Order
Export as new Build Order

Epic Terran - Winner!

Build Orders: Cyclone Opening 

Get SALT Encoding   

  12  0:00  SCV  
  13  0:12  SCV  
  14  0:18  Supply Depot  
  14  0:24  SCV  
  15  0:39  SCV  
  15  0:40  Barracks  
  16  0:46  Refinery  
  16  0:51  SCV  
  16  0:55  Refinery  
  17  1:04  SCV  
  18  1:16  SCV  
  19  1:27  Reaper  
  19  1:29  Orbital Command  
  20  1:35  Supply Depot  
  20  1:47  Factory  
  20  1:54  SCV  
  20  1:59  Reaper  
  22  2:07  SCV, Bunker  
  23  2:19  SCV  
  24  2:33  SCV  
  24  2:41  Factory Tech Lab  
  24  2:45  SCV  
  25  2:55  Supply Depot, Command Center  
  25  2:57  SCV  
  25  2:59  Cyclone  
  28  3:10  SCV, Starport  
  29  3:18  Barracks  
  29  3:22  SCV  
  30  3:29  Barracks  
  30  3:33  Siege Tank  
  33  3:37  SCV  
  34  3:49  SCV  
  34  3:53  Starport Tech Lab  
  35  4:02  SCV  
  36  4:04  Barracks Reactor, Barracks Tech Lab  
  36  4:09  Orbital Command  
  36  4:14  SCV  
  37  4:17  Siege Tank  
  37  4:22  Marine  
  37  4:23  Engineering Bay  
  41  4:27  Stimpack, Marine  
  41  4:28  SCV  
  43  4:32  Supply Depot  
  43  4:38  SCV  
  43  4:40  SCV  
  43  4:42  Refinery, Marine x2  
  43  4:43  Marine  
  47  4:51  Terran Infantry Weapons Level 1, Marine  
  48  4:53  SCV x2  
  50  5:01  Supply Depot, Refinery  
  50  5:02  Marine x3  
  50  5:05  SCV  
  50  5:06  SCV  
  55  5:15  Combat Shield  
  55  5:17  SCV  
  55  5:18  SCV  
  55  5:21  Missile Turret, Starport Reactor  
  57  5:27  Marauder x2  
  61  5:29  SCV  
  61  5:30  SCV  
  61  5:33  Marine x2  
  64  5:43  SCV x2  
  64  5:47  Supply Depot  
  64  5:48  Supply Depot  
  64  5:49  Marauder x2  
  70  6:01  Marine  
  70  6:02  Supply Depot  
  70  6:08  SCV, Medivac x2, Siege Tank  
  70  6:09  SCV, Marine  
  70  6:11  Concussive Shells  
  80  6:15  Marauder  
  80  6:16  Marauder  
  84  6:23  Supply Depot, Marine  
  85  6:26  Supply Depot  
  85  6:27  Marine  
  86  6:38  Medivac x2  
  90  6:44  Marauder x2  
  93  6:47  Marine x2  
  94  7:00  SCV x2  
  95  7:02  Terran Infantry Armor Level 1  
  95  7:09  Siege Tank  
  95  7:12  Marauder x2, Marine x2  
  104  7:16  SCV x2  
  104  7:18  Barracks  
  104  7:20  Barracks  
  104  7:21  Medivac  
  108  7:24  Medivac  
  110  7:30  Supply Depot  
  110  7:37  Command Center  
  110  7:44  Marauder  
  110  7:45  Marine  
  110  7:48  Marauder  
  110  7:51  SCV x2  
  105  7:59  Siege Tank  
  105  8:04  SCV  
  106  8:09  Barracks Reactor, Barracks Tech Lab  
  105  8:19  Marauder x2  
  103  8:21  SCV x2  
  103  8:26  Medivac  
  107  8:28  Medivac  
  109  8:35  Supply Depot  
  109  8:36  SCV  
  109  8:40  Marauder  
  110  8:48  Orbital Command  
  110  8:51  SCV x2  
  110  8:53  Marine x3  
  115  8:56  Marine  
  115  8:59  Marauder  
  120  9:03  Marauder  
  120  9:05  SCV  
  120  9:06  SCV  
  117  9:15  Marine x4  
  97  9:25  Marauder x2, Marine  
  97  9:28  SCV x3  
  101  9:33  Marine  
  101  9:34  Marine x3  
  101  9:42  Siege Tank  
  101  9:43  Marauder  
  101  9:45  SCV x3  
  103  9:52  Marine x4  
  99  9:53  Marauder  
  93  10:03  Medivac x2  
  93  10:05  SCV x3  
  100  10:13  Marine  
  100  10:14  Marine x3  
  102  10:17  SCV x3  
  102  10:19  Marauder x2  
  102  10:20  Marauder  
  113  10:30  SCV x2  
  113  10:35  Marine x2  
  115  10:36  Marine  
  115  10:41  Marauder x2  
  115  10:42  Marine  
  121  10:43  Marauder  
  121  10:47  Orbital Command  
  117  10:50  Medivac x2  
  117  10:52  Widow Mine  
  117  10:53  Marine  
  117  10:55  SCV x2  
  124  11:02  Marauder  
  124  11:03  Marauder, Marine x2  
  129  11:04  Marauder  
  129  11:15  Widow Mine  
  129  11:16  Supply Depot  
  131  11:22  Liberator  
  131  11:23  Liberator, Marauder  
  131  11:24  SCV x3  
  142  11:29  Supply Depot  
  142  11:30  Supply Depot  
  142  11:35  Marine x4  
  142  11:39  Factory Reactor  
  146  11:42  Marauder x2  
  150  11:49  Supply Depot x2  
  150  11:55  Marauder, Marine x3  
  150  11:56  Marine  
  156  12:03  Supply Depot  
  156  12:04  Marauder x2  
  156  12:05  Supply Depot, Viking  
  161  12:08  Viking  
  163  12:20  Ghost Academy, Marauder  
  163  12:25  Marauder x2  
  167  12:32  Command Center  
  167  12:33  Widow Mine x2  
Tags
 
Add a new tag
Caveats
  • Supply blocks, unpowered buildings, or Contaminate may cause inaccurate times.
  • Supply counts are checked every 10 seconds.